 Dungeon Crawl Stone Soup version 0.28.0-53-g5a82cb258f (webtiles) character file.

Game seed: 1805549485352174406

108 acdeimund the Poker (level 4, 0/37 HPs)
             Began as a Merfolk Fighter on July 29, 2022.
             Succumbed to an adder's poison
             ... on level 3 of the Dungeon.
             The game lasted 00:04:14 (2160 turns).

acdeimund the Poker (Merfolk Fighter)               Turns: 2160, Time: 00:04:14

Health: 0/37       AC:  3    Str: 14 (16) XL:     4   Next: 87%
Magic:  4/4        EV: 11    Int:  5 (7)  God:
Gold:   18         SH:  4    Dex: 13 (15) Spells: 3/3 levels left

rFire   . . .      SeeInvis .   a - +0 trident
rCold   . . .      Faith    .   c - +0 buckler
rNeg    . . .      Spirit   .   f - +0 leather armour
rPois   .          Reflect  .   (no helmet)
rElec   .          Harm     .   (no cloak)
rCorr   .          Rampage  .   (no gloves)
Will    .....                   (no boots)
Stlth   +.........              (no amulet)
HPRegen 0.12/turn               (no ring)
MPRegen 0.09/turn               (no ring)

@: lethally poisoned (0 -> -4)
A: (nimble swimmer 2), mertail
a: no special abilities


You were on level 3 of the Dungeon.
You visited 1 branch of the dungeon, and saw 3 of its levels.

You collected 18 gold pieces.

Inventory:

Hand Weapons
 a - a +0 trident (weapon)
Armour
 b - a +0 scale mail
 c - a +0 buckler (worn)
 f - a +0 leather armour (worn)
Jewellery
 h - a ring of ice
 m - a ring of fire
Scrolls
 e - 4 scrolls of identify {unknown}
 i - a scroll of holy word {unknown}
 k - 2 scrolls of teleportation {unknown}
 o - a scroll of immolation {unknown}
Potions
 d - a potion of might


   Skills:
 + Level 4.1 Fighting
 * Level 5.5 Polearms
 - Level 2.1 Armour
 + Level 2.5 Dodging
 - Level 3.0 Shields


You had 3 spell levels left.
You didn't know any spells.
Your spell library contained the following spells:

 Spells                   Type           Power      Damage    Failure   Level
 Blink                    Tloc           0%         N/A       80%         2
 Lesser Beckoning         Tloc           0%         N/A       95%         3
 Manifold Assault         Tloc           0%         N/A       100%        5


Dungeon Overview and Level Annotations

Branches:
Dungeon (3/15)

Altars:


Innate Abilities, Weirdness & Mutations

((You are very nimble when in or above water. (Stealth+, EV+, Speed+++)))
Your lower body shifts to a powerful aquatic tail in water.


Message History

The adder is moderately wounded.
You feel sick. The adder bites you but does no damage.
You block the hobgoblin's attack.
You hit the adder but do no damage.
The adder is moderately wounded.
You feel sick. The adder bites you.
* * * LOW HITPOINT WARNING * * *
You are more poisoned.
The adder poisons you! The hobgoblin hits you.
* * * LOW HITPOINT WARNING * * *
You block the adder's attack.
You hit the adder.
The adder is heavily wounded.
* * * LOW HITPOINT WARNING * * *
You feel sick. The adder bites you.
* * * LOW HITPOINT WARNING * * *
You are more poisoned.
The adder poisons you! The hobgoblin hits you.
* * * LOW HITPOINT WARNING * * *
The adder bites you.
* * * LOW HITPOINT WARNING * * *
Okay, then.
It was a potion of curing.
You feel better. The hobgoblin barely misses you. The adder bites you.
* * * LOW HITPOINT WARNING * * *
It was a potion of attraction.
You feel attractive to monsters. The hobgoblin misses you.
The adder bites you but does no damage.
It was a potion of cancellation.
Your magical effects are unravelling.
You feel magically purged. The adder bites you but does no damage.
The hobgoblin closely misses you.
You feel less attractive to monsters. The adder bites you.
* * * LOW HITPOINT WARNING * * *
You are lethally poisoned!
The adder poisons you!
It was a potion of degeneration.
There was something very wrong with that liquid.
You feel weakened.
You feel dopey.
You feel clumsy.
You die...

###
######.####†#.......
##†..###.#........
##.....##.#....##..
#.......#...#..####
#.........####.....#
#...........## .....#
#.............##.....#
...............#.....+
............@S......#
............g.......#
..........†......##
............##..#
...........+ #..#
...........# ..#
..........#
....#.....#
...##......


You could see an adder and a hobgoblin.

Vanquished Creatures
  An iguana (D:3)
  An adder (D:2)
  A white imp (D:3)
  A worm (D:2)
  A dart slug (D:2)
  5 ball pythons
  5 endoplasms
  5 giant cockroaches
  5 goblins
  3 hobgoblins
  3 jackals (D:2)
  5 quokkas
  6 bats
  5 frilled lizards
  4 kobolds
  5 rats
56 creatures vanquished.

Notes
Turn   | Place    | Note
-------+----------+-------------------------------------------
     0 | D:1      | acdeimund the Merfolk Fighter began the quest for the Orb.
     0 | D:1      | Reached XP level 1. HP: 18/18 MP: 1/1
   190 | D:1      | Reached XP level 2. HP: 24/24 MP: 2/2
   243 | D:1      | Found a faded altar of an unknown god.
   248 | D:1      | Reached skill level 1 in Dodging
   459 | D:1      | Reached skill level 4 in Polearms
   498 | D:1      | Reached XP level 3. HP: 29/29 MP: 3/3
  1677 | D:2      | Reached XP level 4. HP: 37/37 MP: 4/4
  1839 | D:2      | Reached skill level 5 in Polearms
  2155 | D:3      | HP: 1/37 [adder (1)]
  2160 | D:3      | Succumbed to an adder's poison

Illustrated notes

Levels and vault maps discovered:
D:1:      sevenhm_arrival_forest_fort_large_4, layout_basic,
          hellmonk_ecumenical_altar_crossroads, minmay_misc_feat_four_crosses,
          due_unseen_surprise
D:2:      layout_basic, grunt_ministairs_8
D:3:      minmay_evil_eye, layout_basic

Skill      XL: |  1  2  3  4 |
---------------+-------------+-----
Dodging        | 1 2 |  2.5
Polearms       | 4 5 |  5.5
Fighting       | 4 |  4.1
Armour         | |  2.1
Shields        | |  3.0

Action                   |  1- 3 |  4- 6 || total
-------------------------+-------+-------++-------
Melee: Trident           |   121 |    67 ||   188
  Use: Potion            |       |     4 ||     4
 Stab: Sleeping          |     2 |       ||     2
Armor: Scale mail        |    13 |       ||    13
       Leather armour    |    14 |    10 ||    24
Dodge: Dodged            |    41 |    51 ||    92
Block: Buckler           |    20 |    15 ||    35
